 Dungeon Crawl Stone Soup version 0.17-a0-1435-geafbe2f (webtiles) character file.

50479 bal the Covert (level 14, -11/70 HPs)
             Began as a Vine Stalker Monk on June 26, 2015.
             Was the Champion of Nemelex Xobeh.
             Killed from afar by a deep elf knight (20 damage)
             ... with a shard of ice
             ... on level 2 of the Elven Halls.
             The game lasted 02:04:45 (12642 turns).

bal the Covert (Vine Stalker Monk)                 Turns: 12642, Time: 02:04:45

Health: -11/70     AC: 31    Str: 21    XL:     14   Next: 55%
Magic:  0/37       EV:  3    Int: 10    God:    Nemelex Xobeh [******]
Gold:   938        SH: 30    Dex: 18    Spells: 1 memorised, 30 levels left

rFire  . . .     SeeInvis .     C - +9 spear of Exhibitionism {holy, rN+++ MR- MP+9 Stlth+}
rCold  . . .     Rnd*Rage +     r - +4 crystal plate armour
rNeg   + + +     SustAt   .     Y - +13 large shield of Nuraumpo {Str+4 Dex-5 Slay+2}
rPois  +         Gourm    .     (no helmet)
rElec  .         Spirit   +     Z - +2 cloak {rPois}
rCorr  +         Warding  .     l - +0 pair of gloves
rMut   .         Stasis   .     k - -1 pair of boots of the Harvest {rCorr Dex+4}
MR     +....                    u - amulet of faith
Stlth  ..........               f - +6 ring of protection
                                P - ring of protection from magic

@: exhausted, slowed, very slow, somewhat resistant to hostile enchantments,
extremely unstealthy
A: fangs 3, berserk 1, regeneration 3, magic shield, antimagic bite, no device
heal 3, rot immunity
a: Triple Draw, Deal Four, Stack Five, Renounce Religion


You were on level 2 of the Elven Halls.
You worshipped Nemelex Xobeh.
Nemelex Xobeh was exalted by your worship.
You were hungry.

You visited 3 branches of the dungeon, and saw 16 of its levels.
You also visited: Ossuary and Bailey.

You collected 2041 gold pieces.
You spent 1099 gold pieces at shops.

Inventory:

Hand weapons
 m - a +2 short sword of venom
 t - the +8 short sword "Ywe Jol" {pierce, rF+ rN+ Int-3 Stlth+}
   (You found it on level 4 of the Orcish Mines)

   It inflicts extra damage upon your enemies.
   It affects your intelligence (-3).
   It protects you from fire.
   It protects you from negative energy.
   It makes you more stealthy.
 y - a +0 war axe of freezing
 z - the +5 spear "Zusudgh" {speed, rN+}
   (You found it on level 2 of the Orcish Mines)

   Attacks with this weapon are significantly faster.
   It protects you from negative energy.
 C - the +9 spear of Exhibitionism (weapon) {holy, rN+++ MR- MP+9 Stlth+}
   (You took it off an orc on level 4 of the Orcish Mines)

   It has been blessed by the Shining One to cause great damage to the undead
   and demons.
   It renders you almost immune to negative energy.
   It affects your resistance to hostile enchantments.
   It affects your magic capacity (+9).
   It makes you more stealthy.
 I - a +6 spear of flaming
Armour
 a - a +0 robe
 k - the -1 pair of boots of the Harvest (worn) {rCorr Dex+4}
   (You bought it in a shop on level 4 of the Orcish Mines)

   It affects your dexterity (+4).
   It protects you from acid and corrosion.
 l - a +0 pair of gloves (worn)
 r - a +4 crystal plate armour (worn)
 Y - the +13 large shield of Nuraumpo (worn) {Str+4 Dex-5 Slay+2}
   (You found it in a bailey)

   It affects your strength (+4).
   It affects your dexterity (-5).
   It affects your accuracy and damage with ranged weapons and melee attacks
   (+2).
 Z - a +2 cloak of poison resistance (worn)
Magical staves
 B - an uncursed staff of fire {unknown}
Jewellery
 f - a +6 ring of protection (right hand)
 u - an amulet of faith (around neck)
 D - an uncursed ring of protection from cold
 G - an uncursed ring of flight
 P - a ring of protection from magic (left hand)
 V - an uncursed amulet of clarity
Magical devices
 i - a wand of fireball (0)
 E - a wand of cold (0)
 F - a wand of polymorph (5)
 J - a wand of fire (0)
 L - a wand of enslavement (0)
 N - a wand of cold (2)
 T - a wand of random effects (30)
 X - a wand of flame (8)
Scrolls
 d - 3 scrolls of teleportation
 w - 5 scrolls of remove curse
 H - a scroll of fog
 S - a scroll of magic mapping
Potions
 h - a potion of flight
 o - a potion of might
 A - 2 potions of agility
 K - 2 potions of curing
 U - a potion of lignification
 W - 3 potions of cancellation
Books
 e - a Necronomicon

   Spells                             Type                      Level
   a - Haunt                          Necromancy/Summoning         7
   b - Borgnjor's Revivification      Necromancy                   8
   c - Death's Door                   Charms/Necromancy            8
   d - Necromutation                  Transmutation/Necromancy     8
 s - a book of the Earth

   Spells                             Type                      Level
   a - Leda's Liquefaction            Hexes/Earth                  4
   b - Bolt of Magma                  Conjuration/Fire/Earth       5
   c - Statue Form                    Transmutation/Earth          6
   d - Iron Shot                      Conjuration/Earth            6
   e - Shatter                        Earth                        9
 v - the Volume of Arcane Weapons and Fire
   (You found it on level 1 of the Elven Halls)

   Spells                             Type                      Level
   a - Throw Flame                    Conjuration/Fire             2
   b - Throw Frost                    Conjuration/Ice              2
   c - Dazzling Spray                 Conjuration/Hexes            3
   d - Sticky Flame                   Conjuration/Fire             4
   e - Bolt of Magma                  Conjuration/Fire/Earth       5
 O - a book of Power

   Spells                             Type                      Level
   a - Fulminant Prism                Conjuration/Hexes            4
   b - Iskenderun's Mystic Blast      Conjuration                  4
   c - Venom Bolt                     Conjuration/Poison           5
   d - Bolt of Magma                  Conjuration/Fire/Earth       5
   e - Iron Shot                      Conjuration/Earth            6
   f - Orb of Destruction             Conjuration                  7
   g - Spellforged Servitor           Conjuration/Summoning        7
Miscellaneous
 n - an ornate deck of destruction {drawn: 3}
 p - an ornate deck of escape {drawn: 7}
 q - an ornate deck of war {drawn: 12}
 M - a plain deck of escape {drawn: 1}
 Q - an ornate deck of changes {drawn: 7}
Comestibles
 b - 4 bread rations
 c - 3 beef jerkies
 g - a royal jelly
 j - 4 meat rations


   Skills:
 + Level 6.8 Fighting
 + Level 2.2(2.7) Short Blades
   Level 2.1(2.6) Long Blades
 + Level 3.2(5.3) Axes
 + Level 6.7(7.1) Polearms
 + Level 2.1 Throwing
 + Level 5.0 Armour
 + Level 8.4 Dodging
 + Level 11.2 Stealth
 + Level 7.8 Shields
 + Level 5.2 Unarmed Combat
 * Level 9.5 Spellcasting
 + Level 2.4 Conjurations
 * Level 3.8 Fire Magic
 * Level 10.2 Evocations


You had 30 spell levels left.
You knew the following spells:

 Your Spells              Type           Power        Failure   Level  Hunger
a - Throw Flame           Conj/Fire      ##....       100%        2    #......


Dungeon Overview and Level Annotations

Branches:
Dungeon (10/15)            Temple (0/1) D:7             Orc (4/4) D:10
    Elf (2/3) Orc:3
   Lair: D:8-11

Altars:
Cheibriados
Dithmenos
Elyvilon
Gozag
Nemelex Xobeh
Ru
Trog
Vehumet
Xom
Yredelemnul
Beogh

Shops:
Orc:1 :   Orc:2 *   Orc:3 ?   Orc:4 *%?*   Elf:1 ?


Innate Abilities, Weirdness & Mutations

You have razor-sharp teeth.
You regenerate.
When hurt, damage is shared between your health and your magic reserves.
Your bite disrupts and absorbs the magic of your enemies.
Potions and wands cannot restore your health.
You are immune to rotting.
You tend to lose your temper in combat.


Message History

The battleaxe of chopping hits you but does no damage.
The deep elf priest utters a dark prayer and points at you.
Your life force is offered up.
Evoke which item? (* to show all) (? for menu, Esc to quit)
You draw a card...
It is Swap.
You swap places with the battleaxe of chopping.
You feel a little less mighty now.
The deep elf blademaster hits you with a rapier.
* * * LOW HITPOINT WARNING * * *
The deep elf blademaster hits you but does no damage.
Something hits you.
* * * LOW HITPOINT WARNING * * *
You block the battleaxe of chopping's attack.
The deep elf blademaster hits you but does no damage.
You block the deep elf blademaster's attack.
You hear some strange, mumbled words.
A shard of ice appears from out of thin air!
The shard of ice hits you!
You die...
Your body glows with a rainbow of weird colours and disappears.

....... .......
.......... .......
.......e. .......
......... .......
......... .......##
##........
........###§.§......
........)#§e{.......
........)§{@(.......
.##...##(§§##§....##
##.# ##§## #...## ##
### ####


You could see a deep elf blademaster, a deep elf priest and a battleaxe of
chopping.

Vanquished Creatures
  2 orc warlords (Orc:4)
  A deep elf annihilator (Elf:1)
  A deep elf death mage (Elf:1)
  6 dancing weapons (Elf:2)
  An orc high priest (Elf:1)
  9 deep elf knights
  3 deep elf summoners
  4 orc knights
  9 deep elf conjurers
  An elephant (Bailey)
  4 orc sorcerers (Orc:4)
  6 deep elf priests
  3 trolls (Orc:4)
  A wind drake (Orc:4)
  A two-headed ogre (Orc:4)
  A merfolk (Orc:3)
  18 deep elf magi
  A blink frog (shapeshifter) (Elf:1)
  A tarantella (Elf:1)
  A shadow (D:8)
  A hungry ghost (D:9)
  26 deep elf fighters
  3 wargs (Orc:4)
  The ghost of matakusis the Magician, an average DEWz (D:4)
  26 orc warriors
  An ice beast (D:9)
  A water moccasin (D:7)
  9 ogres
  3 sky beasts
  A tengu (Bailey)
  13 centaurs
  A phantom (D:7)
  The ghost of Zebura the Stinger, an average SpVM (D:3)
  4 giant frogs
  A water moccasin zombie (D:6)
  A scorpion (D:7)
  4 wights
  A crimson imp (D:7)
  A vampire bat (D:10)
  2 giant frog zombies (D:6)
  A jelly (D:7)
  6 hounds
  2 giant frog skeletons
  7 orc wizards
  8 orc priests
  5 worker ants
  An iguana (D:8)
  2 worker ant zombies
  2 gnolls
  4 adders
  A giant eyeball (Orc:2)
  A shadow imp (D:5)
  2 oozes (D:1)
  2 adder zombies (Ossuary)
  2 worms (D:3)
  3 giant geckos
  82 orcs
  2 bat skeletons
  A bat zombie (D:5)
  2 giant cockroaches
  14 hobgoblins
  3 jackals (D:5)
  14 kobolds
  8 quokkas
  3 ball pythons
  17 bats
  A giant gecko skeleton (D:5)
  4 giant newts
  17 goblins
  A hobgoblin skeleton (Ossuary)
  A kobold zombie (Ossuary)
  3 orc zombies (Ossuary)
  A quokka skeleton (D:3)
  19 rats
  A fungus (Elf:1)
418 creatures vanquished.

Vanquished Creatures (collateral kills)
  A deep elf annihilator (Elf:1)
  A hydra (D:9)
  2 ogre magi (Orc:4)
  A dancing weapon (Elf:2)
  2 orc high priests (Orc:4)
  The ghost of asdu the Grappler, an experienced OgTm of Cheibriados (D:8)
  An iron troll (Orc:4)
  A deep troll (Orc:4)
  A hill giant (Orc:4)
  An orc knight (Orc:4)
  4 deep elf conjurers (Elf:1)
  2 cyclopes (Orc:4)
  An orc sorcerer (Orc:3)
  Maurice (Orc:1)
  A torpor snail (Orc:4)
  6 trolls
  5 two-headed ogres (Orc:4)
  A deep elf mage (Elf:1)
  2 wraiths (Ossuary)
  4 deep elf fighters
  A hippogriff (D:10)
  2 yaks (D:9)
  2 hungry ghosts
  Menkaure (D:7)
  Duvessa (D:4)
  12 orc warriors
  12 ogres (Orc:4)
  A phantom (D:7)
  3 big kobolds (D:9)
  2 centaurs
  A giant frog (D:9)
  Dowan (D:4)
  A wyvern zombie (D:4)
  A water moccasin skeleton (D:8)
  3 wights
  A crimson imp (D:6)
  2 hounds (D:4)
  6 orc priests
  2 orc wizards
  An iguana (D:6)
  3 worker ants
  2 sheep (D:9)
  An adder (D:7)
  5 gnolls
  An ooze (Bailey)
  2 giant geckos
  56 orcs
  4 goblins
  A hobgoblin (D:4)
  A quokka (D:6)
  4 bats
  A giant newt (D:2)
176 creatures vanquished.

Vanquished Creatures (others)
  4 deep elf knights (Elf:1)
  A killer bee (D:8)
  An orc priest (Elf:1)
  2 orcs (Orc:3)
8 creatures vanquished.

Grand Total: 602 creatures vanquished

Notes
Turn   | Place    | Note
--------------------------------------------------------------
     0 | D:1      | bal the Vine Stalker Monk began the quest for the Orb.
     0 | D:1      | Reached XP level 1. HP: 11/11 MP: 2/2
   158 | D:1      | Reached XP level 2. HP: 2/16 MP: 3/3
   433 | D:1      | Reached XP level 3. HP: 15/19 MP: 4/4
  1007 | D:2      | Found a sparkling altar of Nemelex Xobeh.
  1013 | D:2      | Became a worshipper of Nemelex Xobeh the Trickster
  1013 | D:2      | Received a gift from Nemelex Xobeh
  1013 | D:2      | Received a gift from Nemelex Xobeh
  1050 | D:2      | Received a gift from Nemelex Xobeh
  1212 | D:2      | Reached XP level 4. HP: 6/24 MP: 1/5
  1444 | D:2      | Found a bloodstained altar of Trog.
  1702 | D:3      | Reached skill level 1 in Axes
  1714 | D:3      | Received a gift from Nemelex Xobeh
  1721 | D:3      | Acquired Nemelex Xobeh's first power
  1999 | D:3      | Reached XP level 5. HP: 28/28 MP: 6/6
  2022 | D:3      | Found a snail-covered altar of Cheibriados.
  2033 | D:3      | Received a gift from Nemelex Xobeh
  2271 | D:3      | Noticed Zebura's ghost (average SpVM)
  2281 | D:3      | Killed Zebura's ghost
  2327 | D:3      | Received a gift from Nemelex Xobeh
  2601 | D:4      | Acquired Nemelex Xobeh's second power
  2610 | D:4      | Noticed matakusis's ghost (average DEWz)
  2611 | D:4      | Killed matakusis's ghost
  2611 | D:4      | Reached skill level 1 in Evocations
  2611 | D:4      | Gained mutation: You heal very quickly. [Vine Stalker growth]
  2611 | D:4      | Reached XP level 6. HP: 32/32 MP: 7/7
  2646 | D:4      | Noticed Dowan
  2648 | D:4      | Noticed Duvessa
  2654 | D:4      | Killed Duvessa
  2659 | D:4      | Reached skill level 5 in Stealth
  2666 | D:4      | Killed Dowan
  2666 | D:4      | Reached XP level 7. HP: 35/37 MP: 7/9
  2739 | D:4      | Reached skill level 1 in Polearms
  2885 | D:4      | Received a gift from Nemelex Xobeh
  3162 | D:5      | Entered Level 5 of the Dungeon
  3448 | D:5      | Reached skill level 6 in Stealth
  3504 | D:5      | Gained mutation: You have razor-sharp teeth. [Vine Stalker growth]
  3504 | D:5      | Reached XP level 8. HP: 21/42 MP: 5/10
  3633 | D:5      | Found a sacrificial altar of Ru.
  3769 | D:5      | Reached skill level 5 in Dodging
  3819 | D:5      | Gained mutation: You tend to lose your temper in combat. [potion of mutation]
  3819 | D:5      | Gained mutation: You expend magic power (3 MP) to strengthen your wands. [potion of mutation]
  3861 | D:6      | Found a sand-covered staircase.
  3950 | Ossuary  | Entered an ossuary
  4002 | Ossuary  | Reached skill level 7 in Stealth
  4063 | Ossuary  | Noticed a flying skull
  4071 | Ossuary  | Received a gift from Nemelex Xobeh
  4106 | Ossuary  | Noticed Niukuo the pandemonium lord
  4109 | Ossuary  | Noticed a flying skull
  4122 | Ossuary  | Noticed a flying skull
  4124 | Ossuary  | Noticed a flying skull
  4271 | D:6      | Upgraded the game from 0.17-a0-1430-g49fde19 to 0.17-a0-1435-geafbe2f
  4576 | D:6      | Acquired Nemelex Xobeh's third power
  4576 | D:6      | Received a gift from Nemelex Xobeh
  4609 | D:6      | Reached XP level 9. HP: 46/46 MP: 11/11
  4705 | D:6      | Found an opulent altar of Gozag.
  4841 | D:7      | Reached skill level 8 in Stealth
  4841 | D:7      | Reached skill level 1 in Spellcasting
  4885 | D:7      | Received a gift from Nemelex Xobeh
  5003 | D:7      | Noticed Menkaure
  5014 | D:7      | Killed Menkaure
  5108 | D:7      | Found a staircase to the Ecumenical Temple.
  5173 | D:7      | Reached skill level 5 in Fighting
  5173 | D:7      | Reached skill level 9 in Stealth
  5173 | D:7      | Reached skill level 5 in Unarmed Combat
  5173 | D:7      | Reached XP level 10. HP: 49/51 MP: 12/17
  5520 | D:8      | Received a gift from Nemelex Xobeh
  5599 | D:8      | Reached skill level 5 in Evocations
  5684 | D:8      | Noticed a brown ugly thing
  5720 | D:8      | Killed a brown ugly thing
  5886 | D:8      | Found a basalt altar of Yredelemnul.
  6015 | D:8      | Found a shadowy altar of Dithmenos.
  6184 | D:8      | Noticed asdu's ghost (experienced OgTm)
  6218 | D:8      | Killed asdu's ghost
  6249 | D:8      | Found a white marble altar of Elyvilon.
  6479 | D:9      | Received a gift from Nemelex Xobeh
  6534 | D:9      | Reached XP level 11. HP: 47/56 MP: 16/19
  6554 | D:9      | Reached skill level 5 in Spellcasting
  6598 | D:9      | Noticed a three-headed hydra
  6601 | D:9      | Killed a three-headed hydra
  6720 | D:9      | Found a shimmering altar of Xom.
  6721 | D:9      | Found a shimmering altar of Xom.
  6722 | D:9      | Found a shimmering altar of Xom.
  6847 | D:9      | Received a gift from Nemelex Xobeh
  6945 | D:9      | Gained mutation: Your flesh is heat resistant. [potion of mutation]
  6945 | D:9      | Gained mutation: Your magical capacity is low (-10% MP). [potion of mutation]
  6945 | D:9      | Gained mutation: You have a pair of small horns on your head. [potion of mutation]
  7084 | D:9      | Received a gift from Nemelex Xobeh
  7267 | D:10     | Entered Level 10 of the Dungeon
  7446 | D:10     | Received a gift from Nemelex Xobeh
  7507 | D:10     | Found a roughly hewn altar of Beogh.
  7507 | D:10     | Found a staircase to the Orcish Mines.
  7529 | D:10     | Reached skill level 10 in Stealth
  7592 | Orc:1    | Entered Level 1 of the Orcish Mines
  7592 | Orc:1    | Noticed Maurice
  7622 | Orc:1    | Killed Maurice
  7625 | Orc:1    | Found Ocselin's Book Shop.
  7649 | Orc:1    | Received a gift from Nemelex Xobeh
  7727 | Orc:2    | Found a flagged portal.
  7746 | Bailey   | Entered a bailey
  7803 | Bailey   | Received a gift from Nemelex Xobeh
  7976 | Bailey   | Noticed an orc knight
  7976 | Bailey   | Noticed an orc knight
  7976 | Bailey   | Noticed an orc knight
  7978 | Bailey   | an orc knight changed into a tarantella
  7980 | Bailey   | an orc knight changed into an elephant
  7986 | Bailey   | Killed an orc knight
  8085 | Bailey   | Got a slimy large shield
  8086 | Bailey   | Identified the +13 large shield of Nuraumpo {Str+4 Dex-5 Slay+2} (You found it in a bailey)
  8172 | Orc:2    | Got a twisted spear
  8174 | Orc:2    | Found Tifa's General Store.
  8370 | Orc:2    | Received a gift from Nemelex Xobeh
  8415 | Orc:2    | Found a roughly hewn altar of Beogh.
  8564 | Orc:3    | Found a staircase to the Elven Halls.
  8571 | Elf:1    | Entered Level 1 of the Elven Halls
  8571 | Elf:1    | Noticed a deep elf conjurer
  8571 | Elf:1    | Noticed a deep elf conjurer
  8571 | Elf:1    | Noticed a deep elf summoner
  8571 | Elf:1    | Noticed an orc high priest
  8571 | Elf:1    | Noticed a deep elf conjurer
  8574 | Elf:1    | a deep elf conjurer changed into a tarantella
  8574 | Elf:1    | an orc high priest changed into a merfolk
  8840 | Orc:3    | Received a gift from Nemelex Xobeh
  8856 | Orc:3    | Reached skill level 1 in Shields
  9024 | Orc:3    | Found Vokhledi's Magic Scroll Shop.
  9029 | Orc:3    | Bought a scroll of identify for 26 gold pieces
  9029 | Orc:3    | Identified the +5 spear "Zusudgh" {speed, rN+} (You found it on level 2 of the Orcish Mines)
  9254 | Orc:3    | Received a gift from Nemelex Xobeh
  9332 | Orc:4    | Entered Level 4 of the Orcish Mines
  9370 | Orc:4    | Found Hehecock's Magic Scroll Shoppe.
  9374 | Orc:4    | Noticed a hill giant
  9385 | Orc:4    | a hill giant changed into a torpor snail
  9441 | Orc:4    | Gained mutation: You regenerate. [Vine Stalker growth]
  9441 | Orc:4    | Reached XP level 12. HP: 50/60 MP: 3/20
  9467 | Orc:4    | Noticed an ogre mage
  9479 | Orc:4    | Received a gift from Nemelex Xobeh
  9481 | Orc:4    | Killed an ogre mage
  9497 | Orc:4    | Noticed an iron troll
  9515 | Orc:4    | Killed an iron troll
  9524 | Orc:4    | Noticed a deep troll
  9532 | Orc:4    | Noticed a hill giant
  9533 | Orc:4    | Killed a deep troll
  9541 | Orc:4    | Killed a hill giant
  9541 | Orc:4    | Reached skill level 11 in Stealth
  9575 | Orc:4    | Found Wysorghu's Assorted Antiques.
  9579 | Orc:4    | Found Uneef's Assorted Antiques.
  9580 | Orc:4    | Found Eshuevem's Food Boutique.
  9600 | Orc:4    | Bought a scroll of identify for 24 gold pieces
  9608 | Orc:4    | Noticed an ogre mage
  9616 | Orc:4    | Killed an ogre mage
  9623 | Orc:4    | Bought a pair of distressingly furry boots for 294 gold pieces
  9767 | Orc:4    | Bought a scroll of identify for 56 gold pieces
  9767 | Orc:4    | Bought a scroll of identify for 56 gold pieces
  9767 | Orc:4    | Identified the -1 pair of boots of the Harvest {rCorr Dex+4} (You bought it in a shop on level 4 of the Orcish Mines)
  9920 | Orc:4    | Noticed an orc knight
  9928 | Orc:4    | Killed an orc knight
  9957 | Orc:4    | Noticed an orc high priest
  9989 | Orc:4    | Noticed an orc warlord
  9990 | Orc:4    | Noticed an orc knight
  9992 | Orc:4    | Killed an orc high priest
  9996 | Orc:4    | Noticed an orc warlord
 10000 | Orc:4    | Killed an orc warlord
 10005 | Orc:4    | Killed an orc knight
 10148 | Orc:4    | Received a gift from Nemelex Xobeh
 10181 | Orc:4    | Reached skill level 5 in Polearms
 10245 | Orc:4    | Killed an orc warlord
 10246 | Orc:4    | Noticed an orc knight
 10265 | Orc:4    | Killed an orc knight
 10265 | Orc:4    | Reached XP level 13. HP: 65/65 MP: 23/23
 10396 | Orc:4    | Got a scorched short sword
 10420 | Orc:4    | Noticed an orc knight
 10432 | Orc:4    | Killed an orc knight
 10441 | Orc:4    | Got a slimy spear
 10666 | Orc:3    | Bought a scroll of enchant armour for 97 gold pieces
 10766 | Orc:4    | Bought a scroll of identify for 24 gold pieces
 10766 | Orc:4    | Bought a scroll of identify for 24 gold pieces
 10766 | Orc:4    | Identified the +9 spear of Exhibitionism {holy, rN+++ MR- MP+9 Stlth+} (You took it off an orc on level 4 of the Orcish Mines)
 10767 | Orc:4    | Identified the +8 short sword "Ywe Jol" {pierce, rF+ rN+ Int-3 Stlth+} (You found it on level 4 of the Orcish Mines)
 10776 | Orc:4    | Bought a scroll of identify for 62 gold pieces
 10776 | Orc:4    | Bought a scroll of identify for 62 gold pieces
 10776 | Orc:4    | Bought a scroll of identify for 62 gold pieces
 10801 | Orc:4    | Bought a scroll of enchant armour for 210 gold pieces
 10880 | Elf:1    | Killed a deep elf conjurer
 10890 | Elf:1    | Noticed a deep elf conjurer
 10946 | Elf:1    | Killed a deep elf conjurer
 10994 | Elf:1    | Killed a deep elf summoner
 11031 | Elf:1    | Killed a deep elf conjurer
 11031 | Elf:1    | Reached skill level 5 in Shields
 11175 | Elf:1    | Noticed a deep elf annihilator
 11181 | Elf:1    | Killed a deep elf annihilator
 11270 | Elf:1    | Noticed a deep elf death mage
 11354 | Elf:1    | Received a gift from Nemelex Xobeh
 11354 | Elf:1    | Noticed a deep elf knight
 11357 | Elf:1    | Noticed a deep elf knight
 11364 | Elf:1    | Killed a deep elf knight
 11375 | Elf:1    | Killed a deep elf knight
 11402 | Elf:1    | Noticed a deep elf knight
 11402 | Elf:1    | Noticed a deep elf knight
 11413 | Elf:1    | Noticed a deep elf conjurer
 11415 | Elf:1    | Noticed a deep elf conjurer
 11415 | Elf:1    | Noticed a deep elf conjurer
 11419 | Elf:1    | Noticed a deep elf conjurer
 11420 | Elf:1    | Killed a deep elf knight
 11424 | Elf:1    | Killed a deep elf conjurer
 11427 | Elf:1    | Killed a deep elf knight
 11428 | Elf:1    | Noticed a deep elf annihilator
 11439 | Elf:1    | Killed a deep elf conjurer
 11441 | Elf:1    | Killed a deep elf conjurer
 11444 | Elf:1    | Killed a deep elf conjurer
 11464 | Elf:1    | Killed a deep elf annihilator
 11466 | Elf:1    | Noticed a deep elf conjurer
 11468 | Elf:1    | Killed a deep elf conjurer
 11500 | Elf:1    | Identified the Volume of Arcane Weapons and Fire
 11551 | Elf:1    | Noticed a deep elf conjurer
 11559 | Elf:1    | Killed a deep elf conjurer
 11577 | Elf:1    | Drew Focus: Dex increased to 19, Int decreased to 10
 11702 | Elf:1    | Noticed a deep elf conjurer
 11704 | Elf:1    | Killed a deep elf conjurer
 11710 | Elf:1    | Learned a level 2 spell: Throw Flame
 11711 | Elf:1    | Found Zacate's Magic Scroll Shoppe.
 11721 | Elf:1    | Bought a scroll of identify for 34 gold pieces
 11721 | Elf:1    | Bought a scroll of identify for 34 gold pieces
 11721 | Elf:1    | Bought a scroll of identify for 34 gold pieces
 11732 | Elf:1    | Noticed a deep elf conjurer
 11734 | Elf:1    | Noticed a deep elf knight
 11741 | Elf:1    | Killed a deep elf conjurer
 11749 | Elf:1    | Killed a deep elf knight
 11760 | Elf:1    | Reached skill level 1 in Fire Magic
 11773 | Elf:1    | Noticed a deep elf knight
 11774 | Elf:1    | Noticed a deep elf knight
 11775 | Elf:1    | Noticed a deep elf knight
 11785 | Elf:1    | Killed a deep elf knight
 11800 | Elf:1    | Killed a deep elf knight
 11810 | Elf:1    | Killed a deep elf knight
 11877 | Elf:1    | Killed a deep elf death mage
 11881 | Elf:1    | Killed a ghostly deep elf death mage
 11881 | Elf:1    | Reached XP level 14. HP: 70/70 MP: 25/25
 12199 | Elf:1    | Reached skill level 10 in Evocations
 12294 | Elf:2    | Lost mutation: You expend magic power (3 MP) to strengthen your wands. [potion of cure mutation]
 12294 | Elf:2    | Lost mutation: You have a pair of small horns on your head. [potion of cure mutation]
 12294 | Elf:2    | Lost mutation: Your magical capacity is low (-10% MP). [potion of cure mutation]
 12294 | Elf:2    | Lost mutation: Your flesh is heat resistant. [potion of cure mutation]
 12379 | Elf:2    | Found a radiant altar of Vehumet.
 12465 | Elf:2    | Found a runed gate.
 12465 | Elf:2    | Found a runed gate.
 12465 | Elf:2    | Found a runed gate.
 12529 | Elf:2    | Received a gift from Nemelex Xobeh
 12573 | Elf:2    | Noticed a deep elf blademaster
 12633 | Elf:2    | Reached skill level 5 in Armour
 12642 | Elf:2    | Killed from afar by a deep elf knight

Vault maps used:
D:1:      dpeg_arrival_ratfight
D:2:      overflow_temple_1_default, trog_butcher_becter
D:3:      solitary_fountain, cheibriados_altar_1
D:4:      first_bread, uniq_duvessa
D:5:      nicolae_ru_path_of_blood
D:6:      nicolae_gozag_cash_rules_everything_around_me, enter_ossuary_1,
          serial_curves, eino_curves_03, eino_curves_04, eino_curves_02
D:7:      minmay_temple_entry_poolview, uniq_menkaure
D:8:      nicolae_whirlpool, kennysheep_mini_moat, lemuel_crystal_altar,
          lemuel_coloured_pillars_altar
D:9:      hangedman_ranch, xom_shifter_show
D:10:     david_orc_5, serial_shops, kennysheep_little_box, roderic_batcave,
          grunt_ministairs_6
Orc:1:    serial_shops, shop, basic_altar, uniq_maurice
Orc:2:    basic_altar, serial_shops, shop, enter_bailey_2
Orc:3:    serial_shops, shop_fountains, nicolae_orc_pool_cavern
Orc:4:    st_orc_open, minmay_orc_treasury
Elf:1:    minmay_elf_arrival_plus, serial_shops, shop_fountains,
          minmay_elf_annihilation, small_statue_intersection
Elf:2:    lemuel_statue_altar
Ossuary:  ossuary_due_cavern
Bailey:   bailey_polearm_1, bailey

Action                   |  1- 3 |  4- 6 |  7- 9 | 10-12 | 13-15 || total
-------------------------+-------+-------+-------+-------+-------++-------
Melee: Unarmed           |    32 |       |       |       |       ||    32
       Dagger            |    34 |       |       |       |       ||    34
       Hand axe          |    57 |    88 |       |       |       ||   145
       Spear             |       |    15 |   215 |   399 |   434 ||  1063
Evoke: Deck              |     2 |    16 |    24 |    98 |    32 ||   172
       Wand              |       |       |     2 |    27 |    11 ||    40
  Use: Scroll            |       |    14 |     9 |    17 |    15 ||    55
       Potion            |       |     5 |     8 |     6 |     7 ||    26
 Stab: Sleeping          |     6 |     9 |    16 |    15 |       ||    46
       Distracted        |       |       |     3 |     5 |     1 ||     9
  Eat: Meat ration       |     1 |     1 |       |       |       ||     2
       Fruit             |       |       |    12 |    11 |     5 ||    28
       Chunk             |       |       |     1 |     4 |       ||     5
       Pizza             |       |       |       |     8 |       ||     8
       Beef jerky        |       |       |       |       |     3 ||     3
